[Event "GambitGuide"]
[Site "Internet Chess Club"]
[Date "2014.10.30"]
[Round "1"]
[White "JSBach"]
[Black "marcoss"]
[Result "1-0"]
[ICCResult "Black resigns"]
[WhiteElo "1689"]
[BlackElo "1936"]
[Opening "Vienna: `Frankenstein-Dracula' variation"]
[ECO "C27"]
[NIC "VG.02"]
[Time "20:32:20"]
[TimeControl "120+12"]

1. e4 e5 2. Nc3 Nf6 3. Bc4 Nxe4 4. Qh5 Nd6 5. Bb3 Nc6 6. Nb5 g6 7. Qf3 f5 8.
Qd5 Qe7 9. Nxc7+ Kd8 10. Nxa8 b6 11. Ba4 Bb7 12. Nxb6 axb6 13. Qb3 Kc7 14.
Ne2 Qe6 15. Qxe6 dxe6 16. d3 h5 17. Bd2 Bh6 18. h4 Bxd2+ 19. Kxd2 e4 20. Nf4
exd3 21. cxd3 Nd4 22. Rhc1+ Kb8 23. Ke3 e5 24. Nxg6 Rg8 25. Nxe5 Ne6 26.
Nd7+ Ka7 27. Bc6 Ba6 28. Kd2 Nd4 29. Ne5 f4 30. Bd5 Rg7 31. Nc6+ Kb7 32.
Nxd4+ {Black resigns} 1-0

[Event "GambitGuide"]
[Site "Internet Chess Club"]
[Date "2014.10.30"]
[Round "1"]
[White "JSBach"]
[Black "eric-thor"]
[Result "1-0"]
[ICCResult "Black resigns"]
[WhiteElo "1689"]
[BlackElo "774"]
[Opening "Vienna: `Frankenstein-Dracula' variation"]
[ECO "C27"]
[NIC "VG.02"]
[Time "20:31:52"]
[TimeControl "120+12"]

1. e4 e5 2. Nc3 Nf6 3. Bc4 Nxe4 4. Qh5 Nd6 5. Bb3 Nc6 6. Nb5 g6 7. Qf3 f5 8.
Qd5 Qe7 9. Nxc7+ Kd8 10. Nxa8 b6 11. Ba4 Nb4 12. Qb3 Ne4 13. a3 Nc5 14. Qxb4
Qg5 15. Kf1 Nb7 16. Qc3 Nc5 17. Qxe5 Ne6 18. Qxh8 {Black resigns} 1-0

[Event "GambitGuide"]
[Site "Internet Chess Club"]
[Date "2014.10.30"]
[Round "1"]
[White "JSBach"]
[Black "BraafPaard"]
[Result "1-0"]
[ICCResult "Black resigns"]
[WhiteElo "1689"]
[BlackElo "1500"]
[Opening "Vienna: `Frankenstein-Dracula' variation"]
[ECO "C27"]
[NIC "VG.02"]
[Time "20:32:53"]
[TimeControl "120+12"]

1. e4 e5 2. Nc3 Nf6 3. Bc4 Nxe4 4. Qh5 Nd6 5. Bb3 Nc6 6. Nb5 g6 7. Qf3 f5 8.
Qd5 Qe7 9. Nxc7+ Kd8 10. Nxa8 b6 11. Ba4 Bb7 12. Nxb6 axb6 13. Qb3 Kc7 14.
Ne2 Qf7 15. c3 Qxb3 16. Bxb3 Bg7 17. O-O {Black resigns} 1-0

[Event "GambitGuide"]
[Site "Internet Chess Club"]
[Date "2014.10.30"]
[Round "1"]
[White "JSBach"]
[Black "nightyknight"]
[Result "1-0"]
[ICCResult "Black checkmated"]
[WhiteElo "1683"]
[BlackElo "1189"]
[Opening "Vienna: `Frankenstein-Dracula' variation"]
[ECO "C27"]
[NIC "VG.02"]
[Time "20:34:36"]
[TimeControl "120+12"]

1. e4 e5 2. Nc3 Nf6 3. Bc4 Nxe4 4. Qh5 Nd6 5. Bb3 Nc6 6. Nb5 g6 7. Qf3 f5 8.
Qd5 Qe7 9. Nxc7+ Kd8 10. Nxa8 b6 11. Ba4 Ne4 12. Bxc6 Qg5 13. Qxe5 Qxg2 14.
Qc7+ Ke7 15. Qe5+ Kf7 16. Bd5# {Black checkmated} 1-0

[Event "GambitGuide"]
[Site "Internet Chess Club"]
[Date "2014.10.30"]
[Round "1"]
[White "JSBach"]
[Black "CairnTerrier"]
[Result "1-0"]
[ICCResult "Black resigns"]
[WhiteElo "1683"]
[BlackElo "1232"]
[Opening "Vienna: `Frankenstein-Dracula' variation"]
[ECO "C27"]
[NIC "VG.02"]
[Time "20:34:29"]
[TimeControl "120+12"]

1. e4 e5 2. Nc3 Nf6 3. Bc4 Nxe4 4. Qh5 Nd6 5. Bb3 Nc6 6. Nb5 g6 7. Qf3 f5 8.
Qd5 Qe7 9. Nxc7+ Kd8 10. Nxa8 b6 11. Ba4 Nd4 12. f4 Bb7 13. Qxe5 Bxg2 14.
Nxb6 Bxh1 15. Nxd7 Nf3+ 16. Nxf3 Bxf3 17. Kf2 Qh4+ 18. Kxf3 Nc4 19. Qxh8
Qh3+ 20. Ke2 Qg2+ 21. Kd3 Qd5+ 22. Qd4 Qf3+ 23. Kxc4 {Black resigns} 1-0

[Event "GambitGuide"]
[Site "Internet Chess Club"]
[Date "2014.10.30"]
[Round "1"]
[White "JSBach"]
[Black "welmar"]
[Result "1-0"]
[ICCResult "Black resigns"]
[WhiteElo "1677"]
[BlackElo "1458"]
[Opening "Vienna: `Frankenstein-Dracula' variation"]
[ECO "C27"]
[NIC "VG.02"]
[Time "20:35:30"]
[TimeControl "120+12"]

1. e4 e5 2. Nc3 Nf6 3. Bc4 Nxe4 4. Qh5 Nd6 5. Bb3 Nc6 6. Nb5 g6 7. Qf3 f5 8.
Qd5 Qe7 9. Nxc7+ Kd8 10. Nxa8 b6 11. Ba4 Bb7 12. Nxb6 axb6 13. Qb3 Bg7 14.
Qxb6+ Ke8 15. Ne2 e4 16. Qc7 Be5 17. Bb3 Ba6 18. Qb6 Bxe2 19. Kxe2 f4 20.
Re1 f3+ 21. gxf3 exf3+ 22. Kxf3 Rf8+ 23. Kg2 Qg5+ 24. Kf1 Nd4 25. Qxd4
{Black resigns}
1-0

[Event "GambitGuide"]
[Site "Internet Chess Club"]
[Date "2014.10.30"]
[Round "1"]
[White "JSBach"]
[Black "CairnTerrier"]
[Result "1-0"]
[ICCResult "Black resigns"]
[WhiteElo "1677"]
[BlackElo "1232"]
[Opening "Vienna: `Frankenstein-Dracula' variation"]
[ECO "C27"]
[NIC "VG.02"]
[Time "20:36:11"]
[TimeControl "120+12"]

1. e4 e5 2. Nc3 Nf6 3. Bc4 Nxe4 4. Qh5 Nd6 5. Bb3 Nc6 6. Nb5 g6 7. Qf3 f5 8.
Qd5 Qe7 9. Nxc7+ Kd8 10. Nxa8 b6 11. Ba4 Nd4 12. f4 exf4+ 13. Kf2 Bb7 14.
Qxd4 Bxa8 15. Qxh8 Ne4+ 16. Kf1 Qc5 17. d4 Qc4+ 18. Ne2 Nd2+ 19. Bxd2
{Black resigns}
1-0

[Event "GambitGuide"]
[Site "Internet Chess Club"]
[Date "2014.10.30"]
[Round "1"]
[White "JSBach"]
[Black "CairnTerrier"]
[Result "1-0"]
[ICCResult "Black resigns"]
[WhiteElo "1683"]
[BlackElo "1232"]
[Opening "Vienna: `Frankenstein-Dracula' variation"]
[ECO "C27"]
[NIC "VG.02"]
[Time "20:37:16"]
[TimeControl "120+12"]

1. e4 e5 2. Nc3 Nf6 3. Bc4 Nxe4 4. Qh5 Nd6 5. Bb3 Nc6 6. Nb5 g6 7. Qf3 f5 8.
Qd5 Qe7 9. Nxc7+ Kd8 10. Nxa8 b6 11. Ba4 Nd4 12. f4 exf4+ 13. Kd1 Ba6 14.
Qxd4 Rg8 15. Nxb6 Ne4 16. Nxd7 {Black resigns} 1-0

[Event "GambitGuide"]
[Site "Internet Chess Club"]
[Date "2014.10.30"]
[Round "1"]
[White "JSBach"]
[Black "CairnTerrier"]
[Result "1-0"]
[ICCResult "Black checkmated"]
[WhiteElo "1683"]
[BlackElo "1232"]
[Opening "Vienna: `Frankenstein-Dracula' variation"]
[ECO "C27"]
[NIC "VG.02"]
[Time "20:37:56"]
[TimeControl "120+12"]

1. e4 e5 2. Nc3 Nf6 3. Bc4 Nxe4 4. Qh5 Nd6 5. Bb3 Nc6 6. Nb5 g6 7. Qf3 f5 8.
Qd5 Qe7 9. Nxc7+ Kd8 10. Nxa8 b6 11. Ba4 Nd4 12. f4 Ne4 13. fxe5 Ba6 14.
Qxd4 Qh4+ 15. g3 Qg4 16. Qxd7# {Black checkmated} 1-0

[Event "GambitGuide"]
[Site "Internet Chess Club"]
[Date "2014.10.30"]
[Round "1"]
[White "JSBach"]
[Black "TravisMcGee"]
[Result "1-0"]
[ICCResult "Black resigns"]
[WhiteElo "1683"]
[BlackElo "1533"]
[Opening "Vienna: `Frankenstein-Dracula' variation"]
[ECO "C27"]
[NIC "VG.02"]
[Time "20:38:18"]
[TimeControl "120+12"]

1. e4 e5 2. Nc3 Nf6 3. Bc4 Nxe4 4. Qh5 Nd6 5. Bb3 Nc6 6. Nb5 g6 7. Qf3 f5 8.
Qd5 Qe7 9. Nxc7+ Kd8 10. Nxa8 b6 11. Ba4 Ne4 12. Bxc6 {Black resigns} 1-0

[Event "GambitGuide"]
[Site "Internet Chess Club"]
[Date "2014.10.30"]
[Round "1"]
[White "JSBach"]
[Black "Chanchito"]
[Result "1-0"]
[ICCResult "Black resigns"]
[WhiteElo "1705"]
[BlackElo "1998"]
[Opening "Vienna: `Frankenstein-Dracula' variation"]
[ECO "C27"]
[NIC "VG.02"]
[Time "20:38:01"]
[TimeControl "120+12"]

1. e4 e5 2. Nc3 Nf6 3. Bc4 Nxe4 4. Qh5 Nd6 5. Bb3 Nc6 6. Nb5 g6 7. Qf3 f5 8.
Qd5 Qe7 9. Nxc7+ Kd8 10. Nxa8 b6 11. Ba4 Bb7 12. Nxb6 axb6 13. Qb3 Kc7 14.
Ne2 Nd4 15. Nxd4 f4 16. Nf3 e4 17. Qc3+ Bc6 18. Ne5 Bg7 19. Nxc6 dxc6 20.
Qxc6+ Kb8 21. Qxb6+ Nb7 22. Bc6 e3 23. dxe3 fxe3 24. Bxe3 {Black resigns}
1-0

[Event "GambitGuide"]
[Site "Internet Chess Club"]
[Date "2014.10.30"]
[Round "1"]
[White "JSBach"]
[Black "gijoe2009"]
[Result "1-0"]
[ICCResult "Black resigns"]
[WhiteElo "1705"]
[BlackElo "1939"]
[Opening "Vienna: `Frankenstein-Dracula' variation"]
[ECO "C27"]
[NIC "VG.02"]
[Time "20:34:42"]
[TimeControl "120+12"]

1. e4 e5 2. Nc3 Nf6 3. Bc4 Nxe4 4. Qh5 Nd6 5. Bb3 Nc6 6. Nb5 g6 7. Qf3 f5 8.
Qd5 Qe7 9. Nxc7+ Kd8 10. Nxa8 b6 11. Ba4 Bb7 12. Nxb6 axb6 13. Qb3 Kc7 14.
Ne2 Nd4 15. Nxd4 exd4+ 16. Kf1 Qg5 17. f3 Qh4 18. Rb1 Bg7 19. Qb4 Re8 20. d3
Qh5 21. Bf4 Be5 22. Bxe5 Rxe5 23. Qxd4 Rc5 24. Re1 Rd5 25. Qb4 f4 26. Qxf4
Rf5 27. Qe3 Bxf3 28. Bxd7 Bxg2+ 29. Kxg2 Qg4+ 30. Qg3 Qxg3+ 31. hxg3 Kxd7
32. Rxh7+ Kc6 33. Rg7 {Black resigns} 1-0

[Event "GambitGuide"]
[Site "Internet Chess Club"]
[Date "2014.10.30"]
[Round "1"]
[White "JSBach"]
[Black "rodrfons"]
[Result "1-0"]
[ICCResult "Black resigns"]
[WhiteElo "1705"]
[BlackElo "1519"]
[Opening "Vienna: `Frankenstein-Dracula' variation"]
[ECO "C27"]
[NIC "VG.02"]
[Time "20:38:44"]
[TimeControl "120+12"]

1. e4 e5 2. Nc3 Nf6 3. Bc4 Nxe4 4. Qh5 Nd6 5. Bb3 Nc6 6. Nb5 g6 7. Qf3 f5 8.
Qd5 Qe7 9. Nxc7+ Kd8 10. Nxa8 b6 11. Ba4 Bg7 12. Bxc6 dxc6 13. Qb3 Qb7 14.
Qb4 c5 15. Qh4+ Ke8 16. Nxb6 axb6 17. Nf3 Qe7 18. Qxe7+ Kxe7 19. d3
{Black resigns}
1-0

[Event "GambitGuide"]
[Site "Internet Chess Club"]
[Date "2014.10.30"]
[Round "1"]
[White "JSBach"]
[Black "CairnTerrier"]
[Result "1-0"]
[ICCResult "Black resigns"]
[WhiteElo "1705"]
[BlackElo "1232"]
[Opening "Vienna: `Frankenstein-Dracula' variation"]
[ECO "C27"]
[NIC "VG.02"]
[Time "20:38:37"]
[TimeControl "120+12"]

1. e4 e5 2. Nc3 Nf6 3. Bc4 Nxe4 4. Qh5 Nd6 5. Bb3 Nc6 6. Nb5 g6 7. Qf3 f5 8.
Qd5 Qe7 9. Nxc7+ Kd8 10. Nxa8 b6 11. Ba4 Nd4 12. f4 exf4+ 13. Kd1 Qe4 14.
Qxe4 Nxe4 15. Ke1 Bc5 16. c3 Nc6 17. d4 Bd6 18. d5 Na5 19. Bc2 Nc4 20. Bb3
b5 21. a4 Ne3 22. Bxe3 fxe3 23. Ne2 b4 24. Bc2 bxc3 25. bxc3 Bb7 26. Rb1 Kc8
27. Bxe4 Bxa8 28. Bf3 Re8 29. g3 Re5 30. Rb5 a6 31. Rb6 Bxd5 32. Rf1 Bxf3
33. Rxf3 Kc7 34. Rxa6 h5 35. Nf4 Rc5 36. Rxe3 Bxf4 37. gxf4 g5 38. fxg5 f4
39. Rf3 Rxg5 40. Rxf4 Kb7 41. Rd6 Kc7 42. Rfd4 Re5+ 43. Kd1 {Black resigns}
1-0

[Event "GambitGuide"]
[Site "Internet Chess Club"]
[Date "2014.10.30"]
[Round "1"]
[White "JSBach"]
[Black "nightyknight"]
[Result "1-0"]
[ICCResult "Black forfeits on time"]
[WhiteElo "1705"]
[BlackElo "1189"]
[Opening "Vienna: `Frankenstein-Dracula' variation"]
[ECO "C27"]
[NIC "VG.02"]
[Time "20:36:17"]
[TimeControl "120+12"]

1. e4 e5 2. Nc3 Nf6 3. Bc4 Nxe4 4. Qh5 Nd6 5. Bb3 Nc6 6. Nb5 g6 7. Qf3 f5 8.
Qd5 Qe7 9. Nxc7+ Kd8 10. Nxa8 b6 11. Ba4 Bb7 12. Nxb6 axb6 13. Qb3 Nd4 14.
Qxb6+ Ke8 15. Kf1 Ne4 16. Qxb7 Bg7 17. Qa8+ Kf7 18. Qd5+ Kf6 19. c3 Ne6 20.
Qxd7 Qc5 21. d4 exd4 22. Bb3 Qe5 23. Nf3 Qd6 24. Qxd6 Nxd6 25. Bxe6 Kxe6 26.
Nxd4+ Kd5 27. Bf4 Ne4 28. Rd1 Kc4 29. Ne6 Bf6 30. Rd7 {Black forfeits on
time} 1-0

[Event "GambitGuide"]
[Site "Internet Chess Club"]
[Date "2014.10.30"]
[Round "1"]
[White "JSBach"]
[Black "toadflax"]
[Result "1-0"]
[ICCResult "Black forfeits on time"]
[WhiteElo "1705"]
[BlackElo "1030"]
[Opening "Vienna: `Frankenstein-Dracula' variation"]
[ECO "C27"]
[NIC "VG.02"]
[Time "20:38:01"]
[TimeControl "120+12"]

1. e4 e5 2. Nc3 Nf6 3. Bc4 Nxe4 4. Qh5 Nd6 5. Bb3 Nc6 6. Nb5 g6 7. Qf3 f5 8.
Qd5 Qe7 9. Nxc7+ Kd8 10. Nxa8 b6 11. Ba4 Bb7 12. Nxb6 axb6 13. Qb3 Nc8 14.
Rb1 Qb4 15. Ne2 Qe4 16. f3 Qh4+ 17. g3 Qe7 18. Qd5 Bg7 19. O-O Nd4 20. Qxb7
Nxe2+ 21. Kh1 Nxc1 22. Rbxc1 {Black forfeits on time} 1-0

[Event "GambitGuide"]
[Site "Internet Chess Club"]
[Date "2014.10.30"]
[Round "1"]
[White "JSBach"]
[Black "CairnTerrier"]
[Result "1-0"]
[ICCResult "Black resigns"]
[WhiteElo "1705"]
[BlackElo "1232"]
[Opening "Vienna: `Frankenstein-Dracula' variation"]
[ECO "C27"]
[NIC "VG.02"]
[Time "20:42:34"]
[TimeControl "120+12"]

1. e4 e5 2. Nc3 Nf6 3. Bc4 Nxe4 4. Qh5 Nd6 5. Bb3 Nc6 6. Nb5 g6 7. Qf3 f5 8.
Qd5 Qe7 9. Nxc7+ Kd8 10. Nxa8 b6 11. Ba4 Bb7 12. Nxb6 axb6 13. Qb3 Kc7 14.
Ne2 Bg7 15. Qf3 e4 16. Qe3 Re8 17. Nf4 Nc4 18. Nd5+ {Black resigns} 1-0

[Event "GambitGuide"]
[Site "Internet Chess Club"]
[Date "2014.10.30"]
[Round "1"]
[White "JSBach"]
[Black "Koval"]
[Result "1/2-1/2"]
[ICCResult "Game drawn by repetition"]
[WhiteElo "1705"]
[BlackElo "1991"]
[Opening "Vienna: `Frankenstein-Dracula' variation"]
[ECO "C27"]
[NIC "VG.02"]
[Time "20:41:25"]
[TimeControl "120+12"]

1. e4 e5 2. Nc3 Nf6 3. Bc4 Nxe4 4. Qh5 Nd6 5. Bb3 Nc6 6. Nb5 g6 7. Qf3 f5 8.
Qd5 Qe7 9. Nxc7+ Kd8 10. Nxa8 b6 11. Ba4 Bb7 12. Nxb6 axb6 13. Qb3 Kc7 14.
Ne2 Ne4 15. Qb5 Bg7 16. c3 Ra8 17. Bb3 Nd6 18. Qd3 e4 19. Qg3 Be5 20. Qe3
Na5 21. Bc2 g5 22. Nd4 Nac4 23. Qh3 g4 24. Qh6 Bg7 25. Qxh7 Rh8 26. Nxf5
Nxf5 27. Qxf5 e3 28. dxe3 Bxg2 29. Rg1 Bf3 30. e4 Rxh2 31. Bf4+ Be5 32. Bxh2
Bxh2 33. Rf1 Ne5 34. Qh5 Bf4 35. Qf5 Qd6 36. Qxf4 Nd3+ 37. Bxd3 Qxf4 38. b4
Qe5 39. Rc1 Kb7 40. Bb1 Bxe4 41. Bxe4+ Qxe4+ 42. Kd2 Qf4+ 43. Kd3 Qf3+ 44.
Kc2 Qe2+ 45. Kb3 d5 46. Rce1 Qc4+ 47. Kb2 d4 48. cxd4 Qxb4+ 49. Kc2 Qc4+ 50.
Kb1 Qd3+ 51. Kc1 Qc3+ 52. Kb1 Qd3+ 53. Kb2 Qxd4+ 54. Kb3 Qd3+ 55. Kb2 Qd2+
56. Kb1 Qd3+ 57. Kb2 Qd2+ 58. Kb3 Qd3+ 59. Kb4 Qd4+ 60. Kb3 Qd3+ 61. Kb2
{Game drawn by repetition}
1/2-1/2

[Event "GambitGuide"]
[Site "Internet Chess Club"]
[Date "2014.10.30"]
[Round "1"]
[White "JSBach"]
[Black "TravisMcGee"]
[Result "1-0"]
[ICCResult "Black forfeits on time"]
[WhiteElo "1705"]
[BlackElo "1533"]
[Opening "Vienna: `Frankenstein-Dracula' variation"]
[ECO "C27"]
[NIC "VG.02"]
[Time "20:39:16"]
[TimeControl "120+12"]

1. e4 e5 2. Nc3 Nf6 3. Bc4 Nxe4 4. Qh5 Nd6 5. Bb3 Nc6 6. Nb5 g6 7. Qf3 f5 8.
Qd5 Qe7 9. Nxc7+ Kd8 10. Nxa8 b6 11. Ba4 Bb7 12. Nxb6 axb6 13. Qb3 Bh6 14.
d3 Bxc1 15. Qxb6+ Kc8 16. Rxc1 e4 17. Ne2 exd3 18. cxd3 Re8 19. Rc2 f4 20.
Kf1 f3 21. gxf3 Qh4 22. b4 Qh3+ 23. Kg1 Qxf3 24. Qc5 Re5 25. Qxe5
{Black forfeits on time}
1-0

[Event "GambitGuide"]
[Site "Internet Chess Club"]
[Date "2014.10.30"]
[Round "1"]
[White "JSBach"]
[Black "Chanchito"]
[Result "1/2-1/2"]
[ICCResult "Game drawn by repetition"]
[WhiteElo "1705"]
[BlackElo "1998"]
[Opening "Vienna: `Frankenstein-Dracula' variation"]
[ECO "C27"]
[NIC "VG.02"]
[Time "20:39:03"]
[TimeControl "120+12"]

1. e4 e5 2. Nc3 Nf6 3. Bc4 Nxe4 4. Qh5 Nd6 5. Bb3 Nc6 6. Nb5 g6 7. Qf3 f5 8.
Qd5 Qe7 9. Nxc7+ Kd8 10. Nxa8 b6 11. Ba4 Bb7 12. Nxb6 axb6 13. Qb3 Kc7 14.
Ne2 Bg7 15. Nc3 Na5 16. Nd5+ Bxd5 17. Qxd5 Nc6 18. c3 Ne4 19. d3 Nf6 20. Qc4
Qc5 21. Qf7 Qe7 22. Qc4 Qc5 23. Qf7 Qe7 24. Qc4 Qe6 25. Qxe6 dxe6 26. f3 Rd8
27. Bb5 Nd5 28. Bg5 Bf6 29. Bxf6 Nxf6 30. Ke2 Nd5 31. Rhg1 Nf4+ 32. Kd2 Nxd3
33. Bxd3 e4 34. Rae1 Rxd3+ 35. Kc2 Rd7 36. fxe4 f4 37. Rd1 Rf7 38. a4 Ne5
39. Rd2 g5 40. Rgd1 g4 41. Rd6 Rf6 42. R6d2 f3 43. Rg1 h5 44. Rf2 Kc6 45.
Re1 Kc5 46. Rd1 Rf4 47. Re1 h4 48. b3 Kc6 49. Kd2 Rf7 50. Rd1 fxg2 51. Rxg2
Rf3 52. Kc2 Re3 53. Rgd2 Rxe4 54. Rd6+ Kc7 55. Rxe6 g3 56. Re7+ Kc8 57. Rf1
Kd8 58. Rb7 Kc8 59. Re7 Kd8 60. Rb7 Kc8 61. Re7 Kd8 62. Rb7 Kc8 63. Re7
{Game drawn by repetition}
1/2-1/2

[Event "GambitGuide"]
[Site "Internet Chess Club"]
[Date "2014.10.30"]
[Round "1"]
[White "JSBach"]
[Black "chelsee"]
[Result "1-0"]
[ICCResult "Black resigns"]
[WhiteElo "1705"]
[BlackElo "1706"]
[Opening "Vienna: `Frankenstein-Dracula' variation"]
[ECO "C27"]
[NIC "VG.02"]
[Time "20:42:12"]
[TimeControl "120+12"]

1. e4 e5 2. Nc3 Nf6 3. Bc4 Nxe4 4. Qh5 Nd6 5. Bb3 Nc6 6. Nb5 g6 7. Qf3 f5 8.
Qd5 Qe7 9. Nxc7+ Kd8 10. Nxa8 b6 11. Ba4 Qe6 12. Qxe6 dxe6 13. Bxc6 Bb7 14.
Bxb7 Nxb7 15. f3 Bc5 16. b4 Bd6 17. d3 Kd7 18. Nxb6+ axb6 19. Rb1 Ra8 20.
Rb2 b5 21. c4 bxc4 22. dxc4 Bc7 23. Be3 f4 24. Rd2+ Ke7 25. Bf2 Ra4 26. Rb2
Kf6 27. c5 e4 28. fxe4 Ke5 29. Ne2 g5 30. Bd4+ Kxe4 31. Nc3+ Kxd4 32. Nxa4
Be5 33. c6 Nd6 34. b5 Kd3 35. b6 Bxb2 36. Nxb2+ Kc3 37. b7 Kxb2 38. b8=Q+
Ka1 39. Qxd6 e5 40. Qd2 {Black resigns} 1-0

[Event "GambitGuide"]
[Site "Internet Chess Club"]
[Date "2014.10.30"]
[Round "1"]
[White "JSBach"]
[Black "CairnTerrier"]
[Result "1-0"]
[ICCResult "Black resigns"]
[WhiteElo "1699"]
[BlackElo "1232"]
[Opening "Vienna: `Frankenstein-Dracula' variation"]
[ECO "C27"]
[NIC "VG.02"]
[Time "20:43:07"]
[TimeControl "120+12"]

1. e4 e5 2. Nc3 Nf6 3. Bc4 Nxe4 4. Qh5 Nd6 5. Bb3 Nc6 6. Nb5 g6 7. Qf3 f5 8.
Qd5 Qe7 9. Nxc7+ Kd8 10. Nxa8 b6 11. Ba4 Nd4 12. f4 exf4+ 13. Kd1 Bg7 14. g4
Bb7 15. Nxb6 Bxd5 16. Nxd5 Qe5 17. Nc3 fxg4 18. h3 g3 19. Bb3 f3 20. Nxf3
Nxf3 21. Bd5 Re8 22. Bxf3 Nf5 23. Rf1 Nd4 24. Bg4 Bh6 25. h4 Bf4 26. d3 g2
27. Rg1 Bxc1 28. Rxc1 Qf4 29. Bh5 Qf1+ 30. Kd2 Nf3+ 31. Bxf3 Qxf3 32. Ne4 d5
33. Ng5 Qe3+ 34. Kc3 d4+ 35. Kc4 Re5 36. Nf7+ Kc7 37. Nxe5 Qxe5 38. Rxg2 Kc6
39. Rg5 Qe6+ 40. Kxd4 h6 41. Rgg1 Qd5+ 42. Kc3 Kc5 43. b4+ Kb5 44. a4+ Kxa4
45. Ra1+ Kb5 46. Ra5+ Kc6 47. Rxg6+ Kb7 48. Rxd5 {Black resigns} 1-0

[Event "GambitGuide"]
[Site "Internet Chess Club"]
[Date "2014.10.30"]
[Round "1"]
[White "JSBach"]
[Black "UCantBeatMario"]
[Result "1-0"]
[ICCResult "Black resigns"]
[WhiteElo "1687"]
[BlackElo "2794"]
[Opening "Vienna: `Frankenstein-Dracula' variation"]
[ECO "C27"]
[NIC "VG.02"]
[Time "20:45:40"]
[TimeControl "120+12"]

1. e4 e5 2. Nc3 Nf6 3. Bc4 Nxe4 4. Qh5 Nd6 5. Bb3 Nc6 6. Nb5 g6 7. Qf3 f5 8.
Qd5 Qe7 9. Nxc7+ Kd8 10. Nxa8 b6 11. Ba4 Bb7 12. Nxb6 axb6 13. Qb3 Kc7 14.
Ne2 Qh4 15. O-O e4 16. Re1 Bg7 17. g3 Qh3 18. Nf4 {Black resigns} 1-0

[Event "GambitGuide"]
[Site "Internet Chess Club"]
[Date "2014.10.30"]
[Round "1"]
[White "JSBach"]
[Black "UCantBeatMario"]
[Result "1-0"]
[ICCResult "Black resigns"]
[WhiteElo "1687"]
[BlackElo "2794"]
[Opening "Vienna: `Frankenstein-Dracula' variation"]
[ECO "C27"]
[NIC "VG.02"]
[Time "20:46:07"]
[TimeControl "120+12"]

1. e4 e5 2. Nc3 Nf6 3. Bc4 Nxe4 4. Qh5 Nd6 5. Bb3 Nc6 6. Nb5 g6 7. Qf3 f5 8.
Qd5 Qe7 9. Nxc7+ Kd8 10. Nxa8 b6 11. Ba4 Bb7 12. Nxb6 axb6 13. Qb3 Kc7 14.
Ne2 Qg5 15. O-O e4 16. d3 {Black resigns} 1-0

[Event "GambitGuide"]
[Site "Internet Chess Club"]
[Date "2014.10.30"]
[Round "1"]
[White "JSBach"]
[Black "BraafPaard"]
[Result "0-1"]
[ICCResult "White checkmated"]
[WhiteElo "1682"]
[BlackElo "1500"]
[Opening "Vienna: `Frankenstein-Dracula' variation"]
[ECO "C27"]
[NIC "VG.02"]
[Time "20:40:15"]
[TimeControl "120+12"]

1. e4 e5 2. Nc3 Nf6 3. Bc4 Nxe4 4. Qh5 Nd6 5. Bb3 Nc6 6. Nb5 g6 7. Qf3 f5 8.
Qd5 Qe7 9. Nxc7+ Kd8 10. Nxa8 b6 11. Ba4 Nd4 12. f4 Bb7 13. Qxe5 Qxe5+ 14.
fxe5 Ne4 15. d3 Nc5 16. Nxb6 axb6 17. Be3 Nde6 18. Bxc5 Nxc5 19. Bxd7 Kxd7
20. Kf2 Bg7 21. Re1 Re8 22. b4 Na4 23. d4 Be4 24. c4 Ra8 25. Ra1 Bf8 26. c5
b5 27. Ne2 Kc6 28. Ng3 Bd5 29. Rhc1 Bc4 30. a3 Kd5 31. Rd1 Bb3 32. Rd2 Rd8
33. Rf1 Kc4 34. Rb1 Be7 35. h3 h6 36. Ne2 Bg5 37. Rbd1 Bxd2 38. Rxd2 Nc3 39.
Nxc3 Kxc3 40. Ke1 Rxd4 41. Re2 Bd5 42. e6 Re4 43. e7 Bc6 44. Rxe4 fxe4 45.
Ke2 Kd4 46. Kf2 Kc4 47. g4 Kb3 48. g5 h5 49. Ke3 Kxa3 50. Kd4 Kxb4 51. h4
Ka3 52. Ke3 b4 53. e8=B Bxe8 54. Kxe4 b3 55. Kd3 Ka2 56. c6 Bxc6 57. Kc4 b2
58. Kc5 Bg2 59. Kc4 b1=Q 60. Kc5 Qd3 61. Kb4 Bh3 62. Kc5 Kb3 63. Kc6 Qd4 64.
Kc7 Qd5 65. Kb8 Qc6 66. Ka7 Kb4 67. Kb8 Kb5 68. Ka7 Qc1 69. Kb7 Bg4 70. Kb8
Qc6 71. Ka7 Qc7+ 72. Ka8 Bf3# {White checkmated} 0-1

[Event "GambitGuide"]
[Site "Internet Chess Club"]
[Date "2014.10.30"]
[Round "1"]
[White "JSBach"]
[Black "chelsee"]
[Result "1-0"]
[ICCResult "Black checkmated"]
[WhiteElo "1682"]
[BlackElo "1706"]
[Opening "Vienna: `Frankenstein-Dracula' variation"]
[ECO "C27"]
[NIC "VG.02"]
[Time "20:44:38"]
[TimeControl "120+12"]

1. e4 e5 2. Nc3 Nf6 3. Bc4 Nxe4 4. Qh5 Nd6 5. Bb3 Nc6 6. Nb5 g6 7. Qf3 f5 8.
Qd5 Qe7 9. Nxc7+ Kd8 10. Nxa8 b6 11. Ba4 b5 12. Bxb5 Nxb5 13. Qxb5 Qb4 14.
Qxb4 Nxb4 15. Ke2 Nxc2 16. Rb1 Ba6+ 17. Kd1 Bd3 18. Ne2 Nd4 19. Nxd4 Bxb1
20. Nc2 Bxa2 21. d4 exd4 22. Nxd4 Bc5 23. Bg5+ Kc8 24. Bf6 Rf8 25. Bg7 Rf7
26. b4 Bb6 27. Nxb6+ axb6 28. Be5 d6 29. Bxd6 Rd7 30. Be5 Kb7 31. Re1 Bb3+
32. Kd2 Ba4 33. Ke2 Re7 34. f4 g5 35. Nxf5 Re6 36. Ng7 Re7 37. Nf5 Re6 38.
Ke3 gxf4+ 39. Kxf4 h5 40. g4 hxg4 41. Kg5 g3 42. hxg3 Bc2 43. Kf4 Re8 44.
Nd6+ Ka6 45. Ra1+ Ba4 46. Rxa4# {Black checkmated} 1-0

[Event "GambitGuide"]
[Site "Internet Chess Club"]
[Date "2014.10.30"]
[Round "1"]
[White "JSBach"]
[Black "UCantBeatMario"]
[Result "1-0"]
[ICCResult "Black checkmated"]
[WhiteElo "1682"]
[BlackElo "2794"]
[Opening "Vienna: `Frankenstein-Dracula' variation"]
[ECO "C27"]
[NIC "VG.02"]
[Time "20:46:22"]
[TimeControl "120+12"]

1. e4 e5 2. Nc3 Nf6 3. Bc4 Nxe4 4. Qh5 Nd6 5. Bb3 Nc6 6. Nb5 g6 7. Qf3 f5 8.
Qd5 Qe7 9. Nxc7+ Kd8 10. Nxa8 b6 11. Ba4 Bb7 12. Nxb6 axb6 13. Qb3 Kc7 14.
Ne2 Qh4 15. O-O Bg7 16. Re1 Ra8 17. Nc3 Nd4 18. Nb5+ N4xb5 19. Bxb5 e4 20.
d3 Be5 21. h3 exd3 22. Rxe5 Ne4 23. Be3 d2 24. Qc4+ Kd8 25. Bxb6#
{Black checkmated}
1-0

[Event "GambitGuide"]
[Site "Internet Chess Club"]
[Date "2014.10.30"]
[Round "1"]
[White "JSBach"]
[Black "CairnTerrier"]
[Result "1-0"]
[ICCResult "Black resigns"]
[WhiteElo "1682"]
[BlackElo "1232"]
[Opening "Vienna: `Frankenstein-Dracula' variation"]
[ECO "C27"]
[NIC "VG.02"]
[Time "20:45:40"]
[TimeControl "120+12"]

1. e4 e5 2. Nc3 Nf6 3. Bc4 Nxe4 4. Qh5 Nd6 5. Bb3 Nc6 6. Nb5 g6 7. Qf3 f5 8.
Qd5 Qe7 9. Nxc7+ Kd8 10. Nxa8 b6 11. Ba4 Nd4 12. f4 exf4+ 13. Kd1 Bg7 14. g4
Bb7 15. Nxb6 Bxd5 16. Nxd5 Qe5 17. Nc3 Bf8 18. h3 Ne4 19. Rh2 Bb4 20. Nxe4
fxe4 21. Rf2 e3 22. dxe3 fxe3 23. Rg2 Rf8 24. Bb5 Re8 25. Bd3 e2+ 26. Nxe2
Nxe2 27. Rxe2 Qg3 28. Bg5+ Kc7 29. Rxe8 Qf3+ 30. Kc1 Qxh3 31. Bd8+ Kd6 32.
Be7+ Kc7 33. Bxb4 {Black resigns} 1-0